 Dungeon Crawl Stone Soup version 0.31.0-7-gf635a9b802 (webtiles) character file.

Game seed: 5263591137298454785

136680 vico the Eclecticist (level 17, -4/135 HPs)
             Began as a Djinni Conjurer on Jan 22, 2024.
             Was an Elder of Ashenzari.
             Slain by a spark wasp (14 damage)
             ... on level 4 of the Spider Nest on Jan 24, 2024.
             The game lasted 04:04:02 (32795 turns).

vico the Eclecticist (Djinni Conjurer)             Turns: 32795, Time: 04:04:07

Health: -4/135     AC: 11    Str: 12    XL:     17   Next: 81%
Gold:   1915       EV: 14    Int: 32    God:    Ashenzari [****..] SH: 16 Dex: 12

rFire   + . .        A - staff of the Perceptive Omen (curse) {Conj, Self, Sorc} (curse)
rCold   + + +        Y - +0 kite shield
rNeg    . . .        m - +4 skin of Zhor {*Englaciate rC+++ SInv, Sorc, Elem} (curse)
rPois   ∞            g - +1 helmet "Repose of Ashenzari" {Comp, Self} (curse)
rElec   .            h - +2 cloak "I Knew You'd Do That" {Sorc, Bglg} (curse)
rCorr   .            (no gloves)
SInv    +            (boots unavailable)
Will    +++..        K - amulet of the Mantic Limitation {Reflect SH+5, Fort, Comp} (curse)
Stlth   ++           u - ring of Buneud {Fly rF- rC+ Will++ Str+4}
HPRegen 0.42/turn    S - ring "Visionary Affliction" {Int+6 Slay+4, Self, Comp} (curse)
MPRegen 0.00/turn

%: reflection, clarity, infuse magic (-5 HP)
@: death channelling, freezing walls, flying
A: sickness immunity, fire resistance 2, cold vulnerability 1, float, innate
caster, HP casting, extra vitality 1
a: Renounce Religion, Shatter the Chains


You were on level 4 of the Spider Nest.
You worshipped Ashenzari.
Ashenzari was greatly pleased with you.
You visited 4 branches of the dungeon, and saw 26 of its levels.
You also visited: Ossuary, Bailey and Ice Cave.

You collected 2725 gold pieces.
You spent 810 gold pieces at shops.

Inventory:

Hand Weapons
 c - the +11 shortbow of Tenacity {speed, rN+}
   (You bought it in a shop on level 2 of the Orcish Mines)

   rN+:       It protects you from negative energy.
 t - the +4 scimitar of Voir {vamp, rC+}
   (You bought it in a shop on level 2 of the Orcish Mines)

   rC+:       It protects you from cold.
 J - a +9 demon whip of flaming
Missiles
 x - 5 curare-tipped darts
 R - 7 throwing nets
 W - 4 silver javelins
Armour
 a - a +0 troll leather armour
 b - a +2 helmet
 g - the cursed +1 helmet "Repose of Ashenzari" (worn) {Comp, Self}
   (You found it on level 1 of the Dungeon)

   It has a curse which improves the following skills: Companions: Summonings
   and Necromancy.
   Introspection: Fighting and Spellcasting.
 h - the cursed +2 cloak "I Knew You'd Do That" (worn) {Sorc, Bglg}
   (You found it on level 15 of the Dungeon)

   It has a curse which improves the following skills: Sorcery: Conjurations and
   Alchemy.
   Beguiling: Hexes and Translocations.
 m - the cursed +4 skin of Zhor (worn) {*Englaciate rC+++ SInv, Sorc, Elem}
   (You found it in an ice cave)

   *Englaciate: It radiates cold, occasionally slowing all nearby creatures who
   are not resistant to cold.
   rC+++:     It renders you almost immune to cold.
   SInv:      It lets you see invisible.
   It has a curse which improves the following skills: Sorcery: Conjurations and
   Alchemy.
   Elements:  Fire Magic, Ice Magic, Air Magic and Earth Magic.
 L - +0 ice dragon scales
 Q - a +0 robe of resistance
 U - a +2 buckler
 Y - a +0 kite shield (worn)
Magical Staves
 A - the cursed staff of the Perceptive Omen (weapon) {Conj, Self, Sorc}
   (You bought it in a shop on level 12 of the Dungeon)

   [staff of conjuration]

   Base accuracy: +5 Base damage: 5 Base attack delay: 1.2 This weapon's minimum
   attack delay (0.6) is reached at skill level 12.
   Conj:      It increases the power of your Conjurations spells.
   It falls into the 'Staves' category.
   It is a one-handed weapon.
   It has a curse which improves the following skills: Introspection: Fighting
   and Spellcasting.
   Sorcery:   Conjurations and Alchemy.
 C - the staff of Zenucu {rPois rC+ Ice Earth}
   (You found it on level 1 of the Spider Nest)

   [staff of cold]

   Base accuracy: +5 Base damage: 5 Base attack delay: 1.2 This weapon's minimum
   attack delay (0.6) is reached at skill level 12.
   rC+:       It protects you from cold.
   rPois:     It protects you from poison Ice: It increases the power of your
   Ice spells.
   Earth:     It increases the power of your Earth spells.
   It falls into the 'Staves' category.
   It is a one-handed weapon.
 Z - a staff of fire
Jewellery
 u - the ring of Buneud (left hand) {Fly rF- rC+ Will++ Str+4}
   (You found it on level 1 of the Spider Nest)

   [ring of flight]

   Str+4:     It affects your strength (+4).
   rF-:       It makes you vulnerable to fire.
   rC+:       It protects you from cold.
   Will++:    It greatly increases your willpower.
   Fly:       It grants you flight.
 v - the ring of Alitib {Fly rC- EV+5 Str+3 Dex+3}
   (You took it off a kobold on level 4 of the Dungeon)

   [ring of evasion]

   EV+5:      It affects your evasion (+5).
   Str+3:     It affects your strength (+3).
   Dex+3:     It affects your dexterity (+3).
   rC-:       It makes you vulnerable to cold.
   Fly:       It grants you flight.
 w - the ring of Fyecote {rC+ rN+}
   (You found it in an ice cave)

   [ring of protection from cold]

   rC+:       It protects you from cold.
   rN+:       It protects you from negative energy.
 D - a ring of protection from cold
 K - the cursed amulet of the Mantic Limitation (around neck) {Reflect SH+5, Fort, Comp}
   (You found it on level 2 of the Spider Nest)

   [amulet of reflection]

   Reflect:   It reflects blocked missile attacks.
   SH+5:      It affects your SH (+5).
   It has a curse which improves the following skills: Fortitude: Armour and
   Shields.
   Companions: Summonings and Necromancy.
 S - the cursed ring "Visionary Affliction" (right hand) {Int+6 Slay+4, Self, Comp}
   (You took it off a gnoll bouda in a bailey)

   [ring of slaying]

   Int+6:     It affects your intelligence (+6).
   Slay+4:    It affects your accuracy & damage with ranged weapons and melee
   (+4).
   It has a curse which improves the following skills: Introspection: Fighting
   and Spellcasting.
   Companions: Summonings and Necromancy.
 T - a ring of protection from fire
 X - a ring of positive energy
Wands
 H - a wand of paralysis (6)
 O - a wand of iceblast (4)
Scrolls
 d - 4 scrolls of poison
 i - 3 scrolls of torment
 j - 8 scrolls of immolation
 l - 12 scrolls of teleportation
 o - 7 scrolls of vulnerability
 y - 7 scrolls of identify
 B - a scroll of fear
 F - 3 scrolls of revelation
 I - 2 scrolls of fog
 M - 4 scrolls of enchant armour
 N - a scroll of brand weapon
Potions
 e - a potion of heal wounds
 f - 4 potions of enlightenment
 k - 2 potions of attraction
 n - 5 potions of curing
 p - 2 potions of mutation
 q - 3 potions of resistance
 r - 4 potions of might
 s - 6 potions of lignification
 z - 5 potions of ambrosia
 E - 3 potions of cancellation
 G - a potion of brilliance
 P - 2 potions of haste
Miscellaneous
 V - a phantom mirror


   Skills:
 - Level 13.1(16.6) Fighting
 - Level 0.5 Long Blades
 * Level 3.1 Maces & Flails
 - Level 10.2 Dodging
 - Level 2.1 Stealth
 - Level 9.2(11.0) Shields
 - Level 19.3(22.6) Spellcasting
 - Level 19.3(22.6) Conjurations
 - Level 19.3(20.9) Hexes
 - Level 19.3(22.6) Summonings
 - Level 19.3(22.6) Necromancy
 - Level 19.3(20.9) Translocations
 - Level 19.3(20.9) Fire Magic
 - Level 19.3(20.9) Ice Magic
 - Level 19.3(20.9) Air Magic
 - Level 19.3(20.9) Earth Magic
 - Level 19.3(22.6) Alchemy


You knew the following spells:

 Your Spells              Type           Power      Damage    Failure   Level
a - Magic Dart            Conj           100%       1d8       0%          1
b - Searing Ray           Conj           100%       2d8       0%          2
c - Fulminant Prism       Conj/Alch      67%        3d28      0%          4
d - Iskenderun's Mystic   Conj/Tloc      100%       2d19      0%          4
e - Shock                 Conj/Air       100%       1d9       0%          1
f - Momentum Strike       Conj/Tloc      100%       3d10      0%          2
g - Tukima's Dance        Hex            100%       N/A       0%          3
h - Frozen Ramparts       Ice            100%       1d16      0%          3
i - Iskenderun's Battles  Conj           100%       2d15      0%          5
j - Curse of Agony        Necr           100%       N/A       0%          5
k - Death Channel         Necr           55%        N/A       1%          6
l - Haunt                 Necr/Summ      55%        N/A       1%          7
Your spell library was empty.

Dungeon Overview and Level Annotations

Branches:
Dungeon (15/15)            Temple (0/1) D:6            Lair (5/5) D:10
 Shoals (0/4) Lair:3       Spider (4/4) Lair:3        Slime (0/5) Lair:5
    Orc (2/2) D:12            Elf (0/3) Orc:2        Vaults (0/5) D:14
 Depths (0/4) D:15        Ossuary (visited)          Bailey (visited)
  IceCv (visited)

Altars:
Ashenzari
Dithmenos
Fedhas
Qazlal
Ru
Trog
Uskayaw
Wu Jian
Xom
The Shining One

Shops:
D:1 :(:[   D:12 *   Orc:1 :   Orc:2 [(*:

Annotations:
D:3 Ijyb
D:9 2 transporters, EnegeticOcto's ghost, novice MiFi
D:12 2 transporters, vbillard's ghost, journeyman DECj
Lair:4 Nessos


Innate Abilities, Weirdness & Mutations

You are immune to sickness and miasma.
You are immune to poison.
Your flesh is very heat resistant. (rF++)
You are vulnerable to cold. (rC-)
You float through the air rather than walking.
You learn spells naturally, not from books.
Your magical power is your life essence.
You have superior vitality. (+4 MHP)


Message History

Confirm with . or Enter, or press ? or * to list all spells.
Aiming: Fulminant Prism (safe; 0% risk of failure)
Press: ? - help, Dir - move target You feel a surge of power!
You conjure a prism of explosive energy!
A fulminant prism comes into view.
Your spectral meliai passes through a web. x2
The spark wasp bursts into living lightning!
The living lightning hits your fulminant prism.
Your fulminant prism resists.
The living lightning hits you.
* * * LOW HITPOINT WARNING * * *
The spark wasp blinks! x2
Your spectral meliai hits the spark wasp.
Your spectral meliai hits the spark wasp but does no damage.
Casting: Fulminant Prism (safe; 0% risk of failure)
Confirm with . or Enter, or press ? or * to list all spells.
Casting: Frozen Ramparts (safe; 0% risk of failure)
Press: ? - help, Dir - look around, f - activate The walls around you are covered in ice.
* * * LOW HITPOINT WARNING * * *
The wall freezes the spark wasp but does no damage.
You block the spark wasp's attack.
Your spectral meliai passes through a web.
Your spectral meliai hits the spark wasp. x2
The wall freezes the spark wasp.
The spark wasp stings you!
* * * LOW HITPOINT WARNING * * *
The spark wasp shocks you!
* * * LOW HITPOINT WARNING * * *
Your fulminant prism crackles loudly.
Your spectral meliai hits the spark wasp!
Your spectral meliai barely misses the spark wasp.
You feel much better.
Your spectral meliai barely misses the spark wasp. x3
Your spectral meliai hits the spark wasp.
Your spectral meliai drains the spark wasp.
The wall freezes the spark wasp.
The spark wasp stings you!!
* * * LOW HITPOINT WARNING * * *
The spark wasp shocks you!
You die...

########## #^...^...###
#####.....*.y@#* *****
###.^^...^....ZZ.#**,*,*
#...####..^....Z#^.§{,,,
#.### ##########.^)..,,
#.# ###.^...#*.#*^)...,
##.# #^^#^..^,#.,*#^...,
#^.# #...#,**,^.^**....,
#.#####..^#,**#.,,^*^...*
#^##...#######.##.,*,,,,,


You could see a spark wasp (drained, ally target), 3 friendly spectral meliai
and a friendly fulminant prism.

Vanquished Creatures
  Frances (D:12)
  A frost giant (IceCv)
  A spark wasp (Spider:3)
  Josephine (D:15)
  Fannar (Orc:1)
  7 hydras
  An ice dragon (Lair:5)
  A radroach (Spider:1)
  2 centaur warriors
  5 tengu warriors
  A two-headed ogre (D:8)
  Erica (D:9)
  A boulder beetle (D:11)
  6 death yaks (IceCv)
  3 demonic crawlers
  3 orc high priests (Orc:2)
  Sonja (Lair:1)
  Urug (D:10)
  4 skeletal warriors (D:15)
  A swamp dragon (Lair:5)
  A deep troll (D:15)
  3 deep elf pyromancers
  A necromancer (D:15)
  A steelbarb worm (Spider:3)
  9 orc knights
  3 wolf spiders
  5 ugly things
  5 cyclopes
  2 manticores
  2 oklob plants (Lair:2)
  2 orc sorcerers (Orc:2)
  4 meliai
  A merfolk siren (Lair:3)
  6 elephants (Lair:5)
  5 black mambas
  An ice statue (IceCv)
  8 cane toads
  2 torpor snails
  A gargoyle (D:11)
  Maggie (D:10)
  An unseen horror (D:12)
  9 komodo dragons
  2 ice devils (D:11)
  14 rime drakes
  A tengu conjurer (D:14)
  A queen bee (D:9)
  6 trolls
  A merfolk (Lair:3)
  5 tarantellas
  5 polar bears
  3 blink frogs (Lair:1)
  12 slime creatures
  10 jumping spiders
  2 culicivoras
  A shadow (D:13)
  5 dancing weapons
  A centaur simulacrum (D:15)
  5 wraiths
  A vampire (D:10)
  57 yaks
  2 basilisks
  2 wyverns
  4 wargs
  4 steam dragons
  6 vampire mosquitoes
  9 redbacks
  20 water moccasins
  3 acid dragons
  2 swamp drakes (Lair:5)
  34 orc warriors
  5 ogres
  22 wolves
  A black bear (D:6)
  6 centaurs
  3 kobold brigands
  2 phantoms
  9 gnoll sergeants
  4 scorpions
  6 bullfrogs
  3 water moccasin zombies (Ossuary)
  A burial acolyte (Ossuary)
  2 hornet simulacra
  9 wights
  39 killer bees
  4 howler monkeys
  5 bombardier beetles
  An electric eel (Lair:3)
  6 hounds
  7 gnoll boudas
  5 orc priests
  4 jellies
  4 sleepcaps (D:5)
  6 iguanas
  19 orc wizards
  A crocodile zombie (Ossuary)
  A bullfrog simulacrum (Ossuary)
  2 mummies (Ossuary)
  12 adders
  18 gnolls
  2 shadow imps
  3 white imps
  2 ufetubi (D:7)
  4 adder zombies (Ossuary)
  3 dart slugs
  3 ribbon worms
  61 orcs
  9 ball pythons
  5 endoplasms
  3 giant cockroaches
  13 goblins
  A hobgoblin (D:2)
  26 kobolds
  3 quokkas
  2 bats
  7 frilled lizards
  9 gnoll zombies (Ossuary)
  3 jackal zombies (Ossuary)
  7 orc zombies (Ossuary)
  7 rats
  2 fulminant prisms
716 creatures vanquished.

Vanquished Creatures (collateral kills)
  Jorgrun (Orc:2)
  Rupert (D:15)
  A ghost moth (Spider:2)
  2 emperor scorpions
  2 orc warlords
  An ironbound preserver (D:14)
  2 broodmothers
  The ghost of Tacit the Basher, a journeyman GrMo of Gozag (Spider:3)
  2 spark wasps
  A fire dragon (D:15)
  An ettin (D:15)
  2 entropy weavers
  A hydra (Lair:5)
  2 radroaches
  3 centaur warriors (D:14)
  2 two-headed ogres
  A dancing weapon (Spider:3)
  4 demonic crawlers
  2 orc high priests (Orc:2)
  A pharaoh ant (Spider:2)
  6 orb spiders
  An orc knight (Orc:2)
  A deep elf pyromancer (D:13)
  6 steelbarb worms
  3 wolf spiders
  2 cyclopes
  4 moths of wrath
  2 torpor snails
  A komodo dragon (Lair:5)
  A tengu conjurer (D:13)
  A troll (D:13)
  15 tarantellas
  8 culicivoras
  14 jumping spiders
  A slime creature (D:13)
  A shapeshifter (D:14)
  A wraith (D:15)
  4 yaks (Lair:5)
  A vampire mosquito (D:14)
  22 redbacks
  2 water moccasins (Lair:5)
  3 orc warriors
  An ogre (Orc:2)
  2 centaurs (D:14)
  Blork the orc (D:4)
  An electric eel (Spider:3)
  2 orc priests
  2 orc wizards (D:13)
  A boggart simulacrum (D:15)
  An adder (D:3)
  11 orcs
155 creatures vanquished.

Vanquished Creatures (others)
  A two-headed ogre (D:14)
  2 dancing weapons
  368 fulminant prisms
371 creatures vanquished.

Grand Total: 1242 creatures vanquished

Notes
Turn   | Place    | Note
-------+----------+-------------------------------------------
     0 | D:1      | vico the Djinni Conjurer began the quest for the Orb.
     0 | D:1      | vico set off with the following spells memorised: Magic
                  | Dart, Searing Ray, Fulminant Prism, Iskenderun's Mystic
                  | Blast.
     0 | D:1      | Reached XP level 1. HP: 15/15 MP: 0/0
    45 | D:1      | Found Xoahod's Book Emporium.
   245 | D:1      | Found Zofyod's Book Boutique.
   268 | D:1      | Reached XP level 2. HP: 12/21 MP: 0/0
   545 | D:1      | Found Wumog's Antique Weapon Boutique.
   678 | D:1      | Found Osejaik's Antique Armour Shoppe.
   696 | D:1      | Reached XP level 3. HP: 17/25 MP: 0/0
   696 | D:1      | Learned a level 1 spell: Shock
  1015 | D:2      | Found the +0 toga "Victory" {*Victory Clar}
  1733 | D:3      | Reached XP level 4. HP: 26/31 MP: 0/0
  1815 | D:3      | Noticed Ijyb
  1977 | D:3      | You are sucked into a shaft and drop 2 floors!
  1977 | D:5      | Entered Level 5 of the Dungeon
  2029 | D:5      | Reached XP level 5. HP: 25/35 MP: 0/0
  2029 | D:5      | Learned a level 2 spell: Momentum Strike
  2168 | D:5      | Reached skill level 5 in Spellcasting
  2168 | D:5      | Reached skill level 5 in Conjurations
  2168 | D:5      | Reached skill level 5 in Hexes
  2168 | D:5      | Reached skill level 5 in Summonings
  2168 | D:5      | Reached skill level 5 in Necromancy
  2168 | D:5      | Reached skill level 5 in Translocations
  2168 | D:5      | Reached skill level 5 in Fire Magic
  2168 | D:5      | Reached skill level 5 in Ice Magic
  2168 | D:5      | Reached skill level 5 in Air Magic
  2168 | D:5      | Reached skill level 5 in Earth Magic
  2168 | D:5      | Reached skill level 5 in Alchemy
  2168 | D:5      | Reached XP level 6. HP: 15/40 MP: 0/0
  2276 | D:5      | Found a sand-covered staircase.
  2285 | Ossuary  | Entered an ossuary
  2665 | Ossuary  | Reached XP level 7. HP: 39/45 MP: 0/0
  2665 | Ossuary  | Learned a level 3 spell: Tukima's Dance
  3154 | D:4      | Identified the ring of Alitib {Fly rC- EV+5 Str+3 Dex+3}
  3165 | D:4      | Noticed Blork the orc
  3182 | D:4      | Killed Blork the orc
  3236 | D:4      | Reached XP level 8. HP: 26/50 MP: 0/0
  4133 | D:1      | Bought a heavily runed robe for 114 gold pieces
  4133 | D:1      | Identified the +2 robe of the Lizard {rCorr} (You bought it
                  | in a shop on level 1 of the Dungeon)
  4508 | D:4      | Found a glowing golden altar of the Shining One.
  4897 | D:4      | Found a shadowy altar of Dithmenos.
  5221 | D:5      | Reached XP level 9. HP: 32/55 MP: 0/0
  5221 | D:5      | Learned a level 3 spell: Frozen Ramparts
  5638 | D:5      | Reached skill level 1 in Fighting
  5860 | D:5      | Found a bloodstained altar of Trog.
  5913 | D:6      | Found a broken altar of Ashenzari.
  5917 | D:6      | Became a worshipper of Ashenzari the Shackled
  5969 | D:6      | Found a hide-covered altar of Uskayaw.
  5979 | D:6      | Found a staircase to the Ecumenical Temple.
  6143 | D:6      | Found a sacrificial altar of Ru.
  6203 | D:6      | Found an ornate altar of the Wu Jian Council.
  6246 | D:6      | Reached skill level 5 in Dodging
  7668 | D:7      | Reached * piety under Ashenzari
  7678 | D:8      | Reached skill level 5 in Fighting
  7678 | D:8      | Reached XP level 10. HP: 60/73 MP: 0/0
  8142 | D:8      | Noticed a two-headed ogre
  8154 | D:8      | Killed a two-headed ogre
  8639 | D:9      | Found a transporter.
  8639 | D:9      | Noticed a two-headed ogre
  8641 | D:9      | Noticed EnegeticOcto's ghost (novice MiFi)
  8641 | D:9      | Noticed a moth of wrath
  8642 | D:9      | Found a bloodstained altar of Trog.
  8650 | D:9      | Noticed a two-headed ogre
  8655 | D:9      | Noticed Erica
  8656 | D:9      | Found a transporter.
  8664 | D:9      | Noticed a tengu warrior
  8667 | D:9      | Killed Erica
  8776 | D:9      | Found a stormy altar of Qazlal.
  8916 | D:9      | Reached XP level 11. HP: 74/85 MP: 0/0
  8916 | D:9      | Learned a level 5 spell: Iskenderun's Battlesphere
  8919 | D:9      | Found a shimmering altar of Xom.
  9166 | D:9      | Noticed a two-headed ogre
  9200 | D:9      | Reached ** piety under Ashenzari
  9314 | D:9      | Reached skill level 5 in Shields
 10189 | D:10     | Entered Level 10 of the Dungeon
 10226 | D:9      | Reached skill level 10 in Spellcasting
 10226 | D:9      | Reached skill level 10 in Conjurations
 10226 | D:9      | Reached skill level 10 in Hexes
 10226 | D:9      | Reached skill level 10 in Summonings
 10226 | D:9      | Reached skill level 10 in Necromancy
 10226 | D:9      | Reached skill level 10 in Translocations
 10226 | D:9      | Reached skill level 10 in Fire Magic
 10226 | D:9      | Reached skill level 10 in Ice Magic
 10226 | D:9      | Reached skill level 10 in Air Magic
 10226 | D:9      | Reached skill level 10 in Earth Magic
 10226 | D:9      | Reached skill level 10 in Alchemy
 10453 | D:10     | Reached skill level 10 in Fighting
 10454 | D:10     | Noticed Urug
 10727 | D:10     | Found a flagged portal.
 10731 | D:10     | Noticed Maggie
 10734 | Bailey   | Entered a bailey
 10860 | Bailey   | Identified the ring of Xuymmeka {Int+6 Slay+4}
 11055 | Bailey   | Identified the +0 great sword "Dragonslayer" {drain, rElec
                  | Str+5}
 11682 | Bailey   | Identified the Tome of the Aerial Dead
 11682 | Bailey   | Identified Sif Muna's Writings on Dislocation
 11943 | D:10     | Killed Urug
 11944 | D:10     | Reached XP level 12. HP: 76/96 MP: 0/0
 11954 | D:10     | Killed Maggie
 12412 | D:10     | Found a staircase to the Lair.
 12542 | D:10     | Found a blossoming altar of Fedhas.
 12621 | D:11     | Found a frozen archway.
 12663 | IceCv    | Entered an ice cave
 13021 | IceCv    | Noticed a death yak
 13033 | IceCv    | Killed a death yak
 13119 | IceCv    | Noticed a death yak
 13140 | IceCv    | Killed a death yak
 13178 | IceCv    | Noticed a death yak
 13178 | IceCv    | Noticed a frost giant
 13194 | IceCv    | Killed a frost giant
 13432 | IceCv    | Killed a death yak
 13451 | IceCv    | Found the +4 skin of Zhor {*Englaciate rC+++ SInv}
 13452 | IceCv    | Identified the ring of Fyecote {rC+ rN+}
 13460 | IceCv    | Reached XP level 13. HP: 79/103 MP: 0/0
 13460 | IceCv    | Learned a level 5 spell: Curse of Agony
 14702 | D:11     | Reached *** piety under Ashenzari
 15079 | D:11     | Upgraded the game from 0.31.0-4-g52a2dc7128 to
                  | 0.31.0-7-gf635a9b802
 15085 | D:12     | Noticed Frances
 15097 | D:11     | HP: 5/106 [troll (8)]
 15765 | D:12     | Found a staircase to the Orcish Mines.
 16398 | Lair:1   | Entered Level 1 of the Lair of Beasts
 16408 | Lair:1   | Noticed Sonja
 16419 | Lair:1   | Killed Sonja
 17038 | Lair:1   | Reached skill level 10 in Dodging
 17126 | Lair:1   | Reached XP level 14. HP: 93/110 MP: 0/0
 18151 | Lair:2   | Identified Ocop's Vellum of Frostbite and Corpses
 18793 | Lair:3   | Found a hole to the Spider Nest.
 19390 | Lair:3   | Found a staircase to the Shoals.
 19839 | Lair:4   | Noticed Nessos
 20098 | Lair:5   | Entered Level 5 of the Lair of Beasts
 21292 | Lair:5   | Reached skill level 15 in Spellcasting
 21292 | Lair:5   | Reached skill level 15 in Conjurations
 21292 | Lair:5   | Reached skill level 15 in Hexes
 21292 | Lair:5   | Reached skill level 15 in Summonings
 21292 | Lair:5   | Reached skill level 15 in Necromancy
 21292 | Lair:5   | Reached skill level 15 in Translocations
 21292 | Lair:5   | Reached skill level 15 in Fire Magic
 21292 | Lair:5   | Reached skill level 15 in Ice Magic
 21292 | Lair:5   | Reached skill level 15 in Air Magic
 21292 | Lair:5   | Reached skill level 15 in Earth Magic
 21292 | Lair:5   | Reached skill level 15 in Alchemy
 21310 | Lair:5   | Reached XP level 15. HP: 64/117 MP: 0/0
 21310 | Lair:5   | Learned a level 6 spell: Death Channel
 21758 | Lair:5   | Found a staircase to the Slime Pits.
 22218 | Orc:1    | Entered Level 1 of the Orcish Mines
 22218 | Orc:1    | Noticed Fannar
 22226 | Orc:1    | Killed Fannar
 22227 | Orc:1    | Found Noacuon's Self-Improvement Boutique.
 22246 | Orc:1    | Noticed an orc warlord
 22269 | Orc:1    | Killed an orc warlord
 23287 | Orc:2    | Entered Level 2 of the Orcish Mines
 23318 | Orc:2    | Found Itidiefi's Antique Armour Boutique.
 23330 | Orc:2    | Noticed Jorgrun
 23348 | Orc:2    | Killed Jorgrun
 23751 | Orc:2    | Noticed an orc warlord
 23955 | Orc:2    | Found Biahen's General Store.
 23977 | Orc:2    | Found a staircase to the Elven Halls.
 23993 | Orc:2    | Found Linenon's Antique Weapon Shop.
 24047 | Orc:2    | Found Hukono's Book Emporium.
 24180 | Orc:2    | Killed an orc warlord
 24744 | Orc:2    | Bought a blackened shortbow for 192 gold pieces
 24744 | Orc:2    | Identified the +11 shortbow of Tenacity {speed, rN+} (You
                  | bought it in a shop on level 2 of the Orcish Mines)
 24744 | Orc:2    | Bought a jewelled scimitar for 216 gold pieces
 24744 | Orc:2    | Identified the +4 scimitar of Voir {vamp, rC+} (You bought
                  | it in a shop on level 2 of the Orcish Mines)
 24918 | D:12     | Found a transporter.
 24922 | D:12     | Found a transporter.
 24922 | D:12     | Noticed vbillard's ghost (journeyman DECj)
 25437 | D:12     | Killed Frances
 25633 | D:12     | Found Dogalomuy's Assorted Antiques.
 25637 | D:12     | Bought a thick glowing staff for 288 gold pieces
 26132 | D:13     | Reached XP level 16. HP: 108/124 MP: 0/0
 26909 | D:14     | Found a gate to the Vaults.
 27350 | D:15     | Entered Level 15 of the Dungeon
 27770 | D:15     | Found a stormy altar of Qazlal.
 27840 | D:15     | Noticed Josephine
 27845 | D:15     | Killed Josephine
 27862 | D:15     | Noticed Rupert
 27865 | D:15     | Killed Rupert
 28116 | D:15     | Reached **** piety under Ashenzari
 28250 | D:15     | Found a staircase to the Depths.
 28648 | Spider:1 | Entered Level 1 of the Spider Nest
 28648 | Spider:1 | Identified the ring of Buneud {Fly rF- rC+ Will++ Str+4}
 29044 | Spider:1 | Noticed an emperor scorpion
 29053 | Spider:1 | Killed an emperor scorpion
 29314 | Spider:1 | Reached XP level 17. HP: 132/135 MP: 0/0
 29314 | Spider:1 | Learned a level 7 spell: Haunt
 29338 | Spider:1 | Identified the +6 long sword "Fuismov" {heavy, rC+}
 29703 | Spider:1 | Identified the staff of Zenucu {rPois rC+ Ice Earth}
 30184 | Spider:2 | Identified the +1 robe of Korghoph {rC+}
 30485 | Spider:2 | Reached ***** piety under Ashenzari
 31609 | Spider:3 | Found a runed translucent door.
 31609 | Spider:3 | Found a shimmering altar of Xom.
 31609 | Spider:3 | Noticed Tacit's ghost (journeyman GrMo)
 31609 | Spider:3 | Identified the +2 leather armour "Gegiu" {rPois Regen+
                  | Int-4 Stlth+}
 31640 | Spider:3 | Killed Tacit's ghost
 31947 | Spider:3 | Reached skill level 1 in Maces & Flails
 32494 | Spider:4 | Entered Level 4 of the Spider Nest
 32794 | Spider:4 | HP: 5/135 [spark wasp (14)]
 32795 | Spider:4 | Slain by a spark wasp

Illustrated notes

Levels and vault maps discovered:
D:1:      enne_arrival_octagon_isle, layout_basic, serial_shops,
          nicolae_square_shop, nicolae_shop_tiny_waterfront, shop, shop,
          chequers_serial_rivers_micro_d
D:2:      layout_basic, minmay_pentomino_o4
D:3:      layout_loops_ring, minmay_snake_closets, uniq_ijyb
D:4:      layout_loops_ring, grunt_dithmenos_smoke,
          nicolae_tso_swordbearing_angel, serial_co_window_serial,
          co_window_corner_a, co_window_corner_a, co_window_paths_b,
          co_window_corner_a, co_window_paths_b, co_window_unsneaky_path_c,
          co_window_broadway_a, co_window_paths_c, co_window_4corner_a,
          co_window_sun, glass_columns_b, glass_columns_b, glass_columns_c,
          st_stairs_3, uniq_blork_the_orc
D:5:      layout_rooms, mainiacjoe_overflow_surrounded_room,
          lightli_ossuary_entry_decrepit_ruins, minmay_circle_x
D:6:      layout_basic, nicolae_ru_great_annihilating_truth,
          amcnicky_altar_gilded, fiery_altar_vehumet, led_sif_book,
          mainiacjoe_overflow_big_doors, minmay_temple_entry_large_hall,
          serial_corexii_hall, corexii_hall_statues_i, chequers_hall_statues_y,
          grunt_ministairs_1
D:7:      layout_basic
D:8:      layout_basic
D:9:      layout_irregular_city, mainiacjoe_overflow_six_doors_small,
          mainiacjoe_overflow_paths, gammafunk_ghost_wrathful_warriors,
          minivault_7, uniq_erica
D:10:     layout_big_octagon, lemuel_coloured_pillars_altar, lair_entry_dummy,
          enter_bailey_5, uniq_urug, uniq_maggie
D:11:     layout_long_grid, portal_ice_cave_demonic_guard
D:12:     layout_long_grid, orc_0_dummy, serial_shops, shop,
          gammafunk_ghost_hive, uniq_frances
D:13:     layout_rooms, st_stairs_1, nicolae_twisting_strands
D:14:     layout_rooms, skrybe_vaults_entry_preservation,
          corexii_leaking_fountain
D:15:     hangedman_depths_entry_civil_slaughter, layout_gridville,
          nicolae_zig_zag_zippers, grunt_qazlal_clouds, uniq_rupert,
          uniq_josephine
Lair:1:   layout_loops_ring, pond, uniq_sonja
Lair:2:   layout_roguey, cheibrodos_lair_reptile_den
Lair:3:   layout_regular_city, elwin_shoals_entry_rooms,
          hellmonk_spider_entry_not_the_bees
Lair:4:   layout_hall_layers, serial_bayou_shore_b, uniq_nessos
Lair:5:   guppyfry_lair_end_dragon, layout_cave_pods, slime_entry_1
Spider:1: layout_spider_delve
Spider:2: layout_spider_delve
Spider:3: layout_spider_delve, ebering_ghost_xom
Spider:4: grunt_spider_rune_parallel, nicolae_spider_stair_cavern, uniq_nikola,
          uniq_agnes
Orc:1:    layout_caves, basic_altar, special_room [special_room_orc],
          nicolae_orc_rockfall, nicolae_shop_self_help, uniq_fannar
Orc:2:    grunt_orc_gardens, layout_caves, grunt_orc_garden, grunt_orc_garden,
          grunt_orc_garden, grunt_orc_garden, uniq_jorgrun

Skill      XL: |  1  2  3  4  5  6  7  8  9 10 11 12 13 14 15 16 17 |
---------------+----------------------------------------------------+-----
Stealth        | 2 |  2.1
Dodging        | 3 6 10 | 10.2
Spellcasting   | 4 5 6 7 8 9 10 12 15 16 18 19 | 19.3
Conjurations   | 4 5 6 7 8 9 10 12 15 16 18 19 | 19.3
Hexes          | 4 5 6 7 8 9 10 12 15 16 18 19 | 19.3
Summonings     | 4 5 6 7 8 9 10 12 15 16 18 19 | 19.3
Necromancy     | 4 5 6 7 8 9 10 12 15 16 18 19 | 19.3
Translocations | 4 5 6 7 8 9 10 12 15 16 18 19 | 19.3
Fire Magic     | 4 5 6 7 8 9 10 12 15 16 18 19 | 19.3
Ice Magic      | 4 5 6 7 8 9 10 12 15 16 18 19 | 19.3
Air Magic      | 4 5 6 7 8 9 10 12 15 16 18 19 | 19.3
Earth Magic    | 4 5 6 7 8 9 10 12 15 16 18 19 | 19.3
Alchemy        | 4 5 6 7 8 9 10 12 15 16 18 19 | 19.3
Fighting       | 5 8 10 11 12 13 | 13.1
Shields        | 4 5 9 |  9.2
Maces & Flails | 3 |  3.1
Long Blades    | |  0.5

Action                     |  1- 3 |  4- 6 |  7- 9 | 10-12 | 13-15 | 16-18 || total
---------------------------+-------+-------+-------+-------+-------+-------++-------
  Melee: Long sword        |    25 |    11 |    41 |    31 |    10 |       ||   118
         Staff             |       |       |       |       |       |     5 ||     5
   Cast: Magic Dart        |    70 |    33 |   155 |   191 |   422 |   208 ||  1079
         Searing Ray       |       |    19 |    31 |    24 |     3 |       ||    77
         Shock             |       |       |    23 |     1 |    40 |     6 ||    70
         Tukima's Dance    |       |       |     8 |    14 |     9 |     6 ||    37
         Fulminant Prism   |       |       |    21 |   101 |   201 |    49 ||   372
         Frozen Ramparts   |       |       |       |    10 |     5 |     4 ||    19
         Iskenderun's Batt |       |       |       |    19 |    78 |    33 ||   130
         Iskenderun's Myst |       |       |       |     3 |     7 |     2 ||    12
         Momentum Strike   |       |       |       |     2 |     1 |       ||     3
         Death Channel     |       |       |       |       |    14 |    24 ||    38
         Haunt             |       |       |       |       |       |    40 ||    40
 Invoke: Curse Item        |       |       |     2 |     1 |     2 |     3 ||     8
         Shatter the Chain |       |       |       |       |     1 |     1 ||     2
    Use: Scroll            |     5 |     2 |     9 |     4 |     5 |     9 ||    34
         Potion            |     2 |     1 |     5 |     1 |     6 |     4 ||    19
   Stab: Distracted        |     1 |       |     1 |       |       |       ||     2
         Sleeping          |     1 |       |     1 |       |       |       ||     2
 Armour: Robe              |    16 |    34 |    48 |    88 |    64 |       ||   250
         Animal skin       |       |       |       |       |    85 |   105 ||   190
  Dodge: Dodged            |    20 |    37 |    91 |   173 |    79 |    89 ||   489
  Block: Buckler           |       |       |       |    74 |    81 |    70 ||   225
         Kite shield       |       |       |       |       |       |    19 ||    19
